 Dungeon Crawl Stone Soup version 0.32-a0-732-ga344392067 (webtiles) character file.

Game seed: 3343141166784161220

551831 greenreed the Conqueror (level 24, -5/345 (373) HPs)
             Began as a Minotaur Berserker on Mar 16, 2024.
             Was the Champion of Trog.
             Killed from afar by an electric golem (11 damage)
             ... with a bolt of lightning
             ... on level 1 of the Realm of Zot.
             The game lasted 02:47:07 (54676 turns).

greenreed the Conqueror (Minotaur Berserker)       Turns: 54676, Time: 02:47:08

HP:   -5/345 (373)  AC: 44    Str: 36    XL:     24   Next: 48%
MP:   22/22         EV: 14    Int:  4    God:    Trog [******]
Gold: 4091          SH: 17    Dex: 11    Spells: 23/23 levels left

rFire   + + +        Z - +9 eveningstar (spect)
rCold   + + .        J - +2 kite shield {AC+3}
rNeg    . . .        I - +5 crystal plate armour "Duisic" {rCorr Str+3}
rPois   .            (helmet restricted)
rElec   +            W - scarf {rC+ rF+}
rCorr   +            N - +2 pair of gloves
SInv    .            r - +2 pair of boots {rampage}
Will    +++..        F - amulet of regeneration Stlth
                     t - ring of protection from fire
HPRegen 2.57/turn    v - ring "Luef" {rElec rF+ rC+}
MPRegen 0.18/turn

%: rampage
@: berserking (expiring), strong-willed, regenerating, drained, very quick
A: horns 2, retaliatory headbutt
}: 4/15 runes: serpentine, barnacled, silver, abyssal
a: Renounce Religion, Berserk, Trog's Hand, Brothers in Arms


You were on level 1 of the Realm of Zot.
You worshipped Trog.
Trog was exalted by your worship.
You visited 8 branches of the dungeon, and saw 41 of its levels.
You visited the Abyss 2 times.
You visited 1 bazaar.
You also visited: Sewer, Bailey, Ice Cave, Wizlab and Desolation.

You collected 5251 gold pieces.
You spent 1160 gold pieces at shops.

Inventory:

Hand Weapons
 Z - a +9 spectral eveningstar (weapon)
Missiles
 m - 8 throwing nets (quivered)
 L - 19 atropa-tipped darts
Armour
 r - a +2 pair of boots of rampaging (worn)
 I - the +5 crystal plate armour "Duisic" (worn) {rCorr Str+3}
   (You found it in a bailey)

   Str+3:     It affects your strength (+3).
   rCorr:     It protects you from acid and corrosion.
 J - a +2 kite shield of protection (worn)
 N - a +2 pair of gloves (worn)
 W - a scarf of resistance (worn)
Jewellery
 s - the ring "Qokary" {rC+ Int+8 Slay+4}
   (You found it in an ice cave)

   [ring of slaying]

   Int+8:     It affects your intelligence (+8).
   Slay+4:    It affects your accuracy & damage with ranged weapons and melee
   (+4).
   rC+:       It protects you from cold.
 t - a ring of protection from fire (left hand)
 v - the ring "Luef" (right hand) {rElec rF+ rC+}
   (You bought it in a shop on level 1 of the Orcish Mines)

   [ring of protection from cold]

   rF+:       It protects you from fire.
   rC+:       It protects you from cold.
   rElec:     It insulates you from electricity.
 w - a ring of willpower
 y - the ring of Xom's Capriciousness {rPois rC+ rCorr MP+9 Dex+4}
   (You found it in the Desolation of Salt)

   [ring of poison resistance]

   Dex+4:     It affects your dexterity (+4).
   rC+:       It protects you from cold.
   rPois:     It protects you from poison.
   MP+9:      It affects your magic capacity (+9).
   rCorr:     It protects you from acid and corrosion.
 z - a ring of flight
 A - a ring of protection from fire
 B - a ring of willpower
 F - an amulet of regeneration (around neck)
 M - the ring of Dahaokk {rN+ Dex+3}
   (You took it off a deep elf death mage on level 5 of the Vaults)

   [ring of positive energy]

   Dex+3:     It affects your dexterity (+3).
   rN+:       It protects you from negative energy.
 T - a ring of positive energy
 Y - a ring of see invisible
Wands
 a - a wand of iceblast (46)
 d - a wand of mindburst (14)
 D - a wand of light (13)
 H - a wand of paralysis (23)
 K - a wand of digging (37)
 Q - a wand of polymorph (16)
Scrolls
 e - 7 scrolls of fear
 h - 19 scrolls of teleportation
 k - 6 scrolls of enchant weapon
 o - 6 scrolls of torment
 x - 3 scrolls of enchant armour
 C - 6 scrolls of blinking
 G - 7 scrolls of vulnerability
 P - 8 scrolls of revelation
 R - 3 scrolls of silence
 U - 3 scrolls of immolation
 V - 4 scrolls of poison
Potions
 c - 4 potions of heal wounds
 g - 10 potions of enlightenment
 i - 19 potions of curing
 j - 7 potions of cancellation
 l - 2 potions of mutation
 p - 11 potions of haste
 u - 4 potions of magic
 E - 3 potions of invisibility
 O - 6 potions of resistance
 X - 13 potions of might
Miscellaneous
 b - a phantom mirror
 f - a box of beasts
 n - a lightning rod (4/4)
 q - a phial of floods
 S - a condenser vane


   Skills:
 O Level 27 Fighting
 + Level 20.9 Maces & Flails
 + Level 23.3 Armour
 + Level 21.6 Dodging
 + Level 22.2 Shields
 + Level 13.9 Evocations


You had 23 spell levels left.
You didn't know any spells.
Your spell library was empty.

Dungeon Overview and Level Annotations

Branches:
Dungeon (15/15)            Temple (0/1) D:7            Lair (5/5) D:8
 Shoals (4/4) Lair:3        Snake (4/4) Lair:3        Slime (0/5) Lair:5
    Orc (2/2) D:12            Elf (0/3) Orc:2        Vaults (5/5) D:14
  Crypt (0/3) Vaults:2     Depths (4/4) D:15            Zot (2/5) Depths:4
  Sewer (visited)          Bailey (visited)           IceCv (visited)
 WizLab (visited)         Desolation (visited)

Altars:
Kikubaaqudgha
Okawaru
Qazlal
Sif Muna
Vehumet
Jiyva
Lugonu

Shops:
D:12 [   Orc:1 =!(=   Orc:2 :!:*   Shoals:1 :   Vaults:3 :[   Vaults:4 [
Depths:4 (

Portals:
Hell: Depths:1 Depths:2 Depths:3 Depths:4
Abyss: Lair:5 Depths:1 Depths:2 Depths:3 Depths:4
Pandemonium: Depths:2
Ziggurat: Depths:2

Annotations:
D:13 3 runed translucent doors, runemasterragnar's ghost, journeyman OpSh


Innate Abilities, Weirdness & Mutations

You have a pair of horns on your head.
You reflexively headbutt those who attack you in melee.


Message History

The electric golem hits you.
* * * LOW HITPOINT WARNING * * *
You block the electric golem's attack.
The green draconian monk slips past you!
You block the green draconian monk's attack.
The green draconian monk kicks you.
* * * LOW HITPOINT WARNING * * *
You block the green draconian monk's attack.
The green draconian monk tail-slaps you but does no damage.
The red draconian hits you but does no damage.
You feel a strong urge to attack something.
There is a stone staircase leading up here.
Unknown command.
The electric golem barely misses you.
The electric golem hits you but does no damage.
The electric golem hits you.
* * * LOW HITPOINT WARNING * * *
The electric golem hits you but does no damage.
The shadow dragon breathes negative energy at you.
The bolt of negative energy hits you!!
You feel drained.
* * * LOW HITPOINT WARNING * * *
You block the green draconian monk's attack.
The green draconian monk kicks you.
* * * LOW HITPOINT WARNING * * *
You block the green draconian monk's attack.
The green draconian monk tail-slaps you but does no damage.
You climb upwards.
You feel your anger nearly subside.
There is a stone staircase leading down here.
Unknown command.
Unknown command.
You are too berserk!
Okay, then.
Unknown command.
You thump the electric golem!
The electric golem is lightly damaged.
Your +9 spectral eveningstar misses the electric golem.
The electric golem hurls lightning at you.
The bolt of lightning hits you! You resist.
You die...

..................#.....#
..................'.....#
..................###.#.#
...........)......# #.#.#
..................# #.#.#
..................###.#.#
............⌠.....'.....#
####.≈§≈≈≈.^......###.###
#.§≈≈≈≈......@.###.#
#.≈###≈.....q9('...# #.≈#
#≈........###.#
#.≈###≈........# #.#
#.≈§≈≈≈.######## #.#
#.§≈≈≈§.# ###.# #.§.....#
#...# #.......# #.###
#.......# #.#


You could see an electric golem, a green draconian monk and a friendly +9
spectral eveningstar.

Vanquished Creatures
  Frederick (Depths:4)
  A dread lich (Vaults:5)
  Mara (Depths:1)
  A curse toe (Zot:1)
  6 caustic shrikes
  2 golden dragons
  A bone dragon (Abyss:4)
  An electric golem (Zot:2)
  13 tentacled monstrosities
  Rupert (Snake:1)
  5 liches
  Asterion (Snake:1)
  4 titans
  3 ancient champions (WizLab)
  4 quicksilver dragons
  An Executioner (Abyss:4)
  A sphinx (Vaults:5)
  2 death cobs
  3 krakens
  4 revenants (WizLab)
  7 tengu reavers
  6 tentacled starspawn
  6 storm dragons
  Aizul (Snake:1)
  4 shadow dragons
  8 nagarajas
  5 draconian knights
  4 fire giants
  11 frost giants
  An iron dragon (Vaults:5)
  An imperial myrmidon (Desolation)
  A draconian monk (Zot:1)
  A spectral caustic shrike (WizLab)
  A draconian scorcher (Depths:4)
  18 vault wardens
  4 draconian shifters
  Louise (Shoals:4)
  A balrug (Depths:4)
  3 orc warlords (Vaults:3)
  A draconian stormcaller (Depths:4)
  24 ironbound preservers
  2 draconian annihilators (Zot:1)
  18 very ugly things
  2 deep elf demonologists
  7 ironbound thunderhulks
  3 vampire knights (Depths:3)
  14 stone giants
  9 white draconians
  A starflower (Abyss:4)
  5 black draconians
  5 green draconians
  2 deep elf annihilators (Vaults:5)
  A war gargoyle (Vaults:5)
  2 deep elf death magi
  5 halazid warlocks
  The ghost of asd2613 the Grappler, a journeyman TrGl of Makhleb (Lair:3)
  5 purple draconians
  Azrael (D:12)
  2 dire elephants
  3 yellow draconians
  4 red draconians
  A minotaur (Lair:2)
  The ghost of cforsyth the Arsonist, a journeyman MDCA of Ignis (D:12)
  4 eidola
  Snorg (Orc:1)
  6 spark wasps
  A spectral titan (WizLab)
  A blizzard demon (Depths:2)
  4 crystal guardians
  7 merfolk javelineers
  A green death (Abyss:4)
  5 merfolk impalers
  4 deep elf high priests (Vaults:5)
  13 ettins
  6 ice dragons
  A jiangshi (WizLab)
  3 quicksilver dragon zombies
  8 ragged hierophants
  3 entropy weavers
  13 fire dragons
  15 yaktaur captains
  2 servants of whispers (Desolation)
  7 great orbs of eyes
  3 rakshasas
  5 hydras
  2 salamander tyrants (Snake:4)
  32 vault guards
  3 spriggan air magi
  2 ogre magi (Orc:2)
  11 ironbound frosthearts
  5 boulder beetles
  12 merfolk aquamancers
  An alligator snapping turtle (Shoals:4)
  11 anacondas
  A satyr (Shoals:3)
  4 merfolk avatars
  12 peacekeepers
  A death knight (D:13)
  8 centaur warriors
  11 tengu warriors
  A spriggan skeleton (Abyss:4)
  5 deep troll earth magi
  13 two-headed ogres
  8 deep troll shamans
  2 two-headed ogres (shapeshifter) (Vaults:5)
  5 death yaks (Lair:3)
  5 thrashing horrors
  4 hell hogs (Abyss:4)
  3 vampire magi
  22 naga sharpshooters
  A titan zombie (WizLab)
  Urug (Orc:2)
  9 occultists
  The ghost of DrFunkyFeet the Black Sun, a journeyman FeSu of Kikubaaqudgha (Lair:2)
  7 hell knights
  7 shock serpents
  10 spriggan berserkers
  A titan skeleton (Depths:2)
  5 wretched stars (Abyss:4)
  6 iron trolls
  19 naga warriors
  3 skysharks
  2 shadow wraiths (Vaults:5)
  2 sixfirhies (Depths:2)
  A sun demon (Depths:2)
  3 spectral spark wasps (WizLab)
  51 deep trolls
  3 flayed ghosts
  4 salamander mystics
  A skeletal warrior (WizLab)
  4 spark wasp zombies (WizLab)
  An orange crystal statue (IceCv)
  8 naga ritualists
  18 sea snakes
  8 arcanists
  A golden dragon skeleton (Depths:2)
  14 mana vipers
  13 orc knights
  A steelbarb worm (shapeshifter) (Vaults:5)
  10 large abominations
  11 lindwurms
  16 ironbound convokers
  A lindwurm (shapeshifter) (Depths:2)
  24 harpies
  42 ugly things
  8 phantasmal warriors
  A faun (shapeshifter) (Depths:3)
  2 spectral spriggans (WizLab)
  A stone giant zombie (Vaults:4)
  4 deep elf pyromancers
  10 fauns
  5 necromancers
  12 manticores
  An orc sorcerer (Orc:1)
  An elephant (Lair:4)
  A wolf spider (Vaults:5)
  4 worldbinders (Abyss:4)
  A meliai (shapeshifter) (Lair:5)
  7 moths of wrath
  9 cyclopes
  2 manticores (shapeshifter) (Vaults:5)
  4 kobold blastminers
  10 salamanders
  13 water nymphs
  57 black mambas
  9 guardian serpents
  An apocalypse crab (Abyss:4)
  An eye of devastation (Abyss:4)
  7 merfolk sirens
  10 vault sentinels
  9 naga magi
  3 storm dragon simulacra (IceCv)
  11 cane toads
  7 smoke demons
  4 gargoyles
  2 cane toads (shapeshifter)
  2 hellions (Abyss:4)
  4 freezing wraiths
  5 efreet
  4 rime drakes
  38 yaktaurs
  An unseen horror (D:10)
  4 golden dragon simulacra (IceCv)
  A komodo dragon (shapeshifter) (Vaults:5)
  8 komodo dragons
  2 tengu conjurers
  33 merfolk
  16 trolls
  2 harpy zombies (WizLab)
  2 hellwings
  A queen bee (shapeshifter) (D:15)
  49 saltlings
  2 wind drakes
  4 hornets
  2 polar bears (Lair:5)
  30 blink frogs
  A dream sheep (shapeshifter) (Depths:4)
  4 raiju
  6 snapping turtles
  A dream sheep (Lair:4)
  11 slime creatures
  A fire giant simulacrum (Vaults:4)
  A human simulacrum (Vaults:4)
  14 water elementals
  Sigmund (D:6)
  5 spriggans
  2 shadows
  4 wyverns
  A dire elephant simulacrum (Abyss:4)
  A yak (shapeshifter) (Abyss:5)
  5 vampires
  2 ynoxinuls
  18 yaks
  2 fire elementals
  3 wraiths
  A steam dragon (D:9)
  A human (shapeshifter) (Depths:4)
  3 humans (D:14)
  3 neqoxecs
  A warg (Orc:2)
  4 redbacks
  6 basilisks
  3 chaos spawn
  23 vampire mosquitoes
  54 nagas
  3 acid dragons
  11 water moccasins
  3 hell hounds
  2 sky beasts (shapeshifter) (Lair:5)
  31 orc warriors
  A sky beast (D:7)
  2 black bears
  8 ice dragon simulacra (IceCv)
  A boggart (shapeshifter) (D:15)
  22 ogres
  10 centaurs
  11 small abominations
  11 laughing skulls
  15 wolves
  A kobold brigand (D:7)
  A phantom (D:4)
  2 weeping skulls (Abyss:4)
  6 bullfrogs
  2 gnoll sergeants
  A scorpion (D:5)
  5 wights (D:8)
  11 killer bees
  6 lindwurm simulacra (IceCv)
  4 electric eels
  2 hounds (D:7)
  3 lava snakes (D:12)
  A quasit (Abyss:4)
  5 jellies
  12 orc priests
  5 iguanas
  29 starcursed masses
  A gnoll bouda (D:6)
  19 orc wizards
  4 hell rats (Lair:3)
  A boggart simulacrum (D:12)
  Robin (D:2)
  25 gnolls
  9 adders
  3 river rats
  A shadow imp (D:5)
  A white imp (D:5)
  2 ufetubi (D:6)
  A ribbon worm (D:5)
  3 dart slugs
  102 orcs
  8 ball pythons
  8 endoplasms
  5 giant cockroaches
  23 goblins
  9 hobgoblins
  8 jackals
  3 quokkas
  4 bats
  4 frilled lizards
  12 kobolds
  15 rats
  A lurking horror (Abyss:4)
  2 starspawn tentacles
  7 tentacles
1983 creatures vanquished.

Vanquished Creatures (collateral kills)
  Bai Suzhen (Shoals:4)
  Nikola (Shoals:4)
  An ironbound preserver (Vaults:2)
  Nessos (Lair:4)
  A great orb of eyes (Vaults:2)
  A merfolk aquamancer (Shoals:4)
  A boulder beetle (D:12)
  A hell knight (Vaults:5)
  3 deep trolls (Vaults:2)
  An ironbound convoker (Vaults:2)
  2 necromancers (D:15)
  An orc knight (Bailey)
  3 ugly things (Vaults:2)
  A manticore (D:15)
  A black mamba (Snake:1)
  A vault sentinel (Vaults:2)
  A merfolk (Shoals:4)
  A troll (D:12)
  A blink frog (Lair:4)
  A slime creature (D:12)
  A snapping turtle (Shoals:4)
  A basilisk (D:12)
  A water elemental (Shoals:4)
  A wraith (D:12)
  3 vampire mosquitoes (D:12)
  A naga (Snake:1)
  3 orc warriors
  An orc wizard (D:12)
  A spectral weapon (Snake:1)
38 creatures vanquished.

Vanquished Creatures (others)
  A manticore (Shoals:4)
  2 saltlings (Desolation)
  A spriggan (Depths:3)
  An orc wizard (D:12)
  An orc (Orc:1)
  2 lurking horrors (Abyss:4)
  87 spectral weapons
  16 starspawn tentacles
  21 tentacles
132 creatures vanquished.

Grand Total: 2153 creatures vanquished

Notes
Turn   | Place    | Note
-------+----------+-------------------------------------------
     0 | D:1      | greenreed the Minotaur Berserker began the quest for the
                  | Orb.
     0 | D:1      | Reached XP level 1. HP: 19/19 MP: 0/0
   161 | D:1      | Reached XP level 2. HP: 27/27 MP: 1/1
   164 | D:1      | Reached skill level 4 in Fighting
   403 | D:1      | Reached ** piety under Trog
   638 | D:2      | Reached XP level 3. HP: 33/33 MP: 2/2
  1164 | D:2      | Reached XP level 4. HP: 41/41 MP: 3/3
  1421 | D:3      | Noticed Robin
  1429 | D:2      | Killed Robin
  1628 | D:3      | Reached skill level 5 in Maces & Flails
  1664 | D:3      | Reached *** piety under Trog
  1665 | D:3      | Reached skill level 5 in Fighting
  1665 | D:3      | Reached XP level 5. HP: 36/48 MP: 4/4
  1977 | D:3      | Found an iron altar of Okawaru.
  2167 | D:3      | Found a faded altar of an unknown god.
  2538 | D:4      | Noticed an ogre
  2542 | D:4      | Killed an ogre
  2543 | D:4      | Reached XP level 6. HP: 37/56 MP: 5/5
  2955 | D:4      | Reached skill level 6 in Fighting
  3688 | D:5      | Entered Level 5 of the Dungeon
  3708 | D:5      | Reached XP level 7. HP: 60/64 MP: 6/6
  4030 | D:5      | Reached **** piety under Trog
  4531 | D:5      | Reached skill level 7 in Fighting
  4643 | D:6      | Identified the +0 robe of Hufumixt {+Blink}
  4821 | D:6      | Reached XP level 8. HP: 55/73 MP: 7/7
  4968 | D:6      | Noticed Sigmund
  4971 | D:6      | Reached skill level 5 in Armour
  4987 | D:6      | Killed Sigmund
  4988 | D:6      | Reached skill level 8 in Fighting
  5046 | D:6      | Found a glowing drain.
  5058 | Sewer    | Entered a sewer
  5148 | Sewer    | Reached ***** piety under Trog
  5215 | Sewer    | Found a viscous altar of Jiyva.
  5643 | D:7      | Reached skill level 5 in Dodging
  5861 | D:7      | Found a staircase to the Ecumenical Temple.
  5871 | D:7      | Found a flagged portal.
  6054 | D:7      | Reached skill level 9 in Fighting
  6136 | D:7      | Reached XP level 9. HP: 80/83 MP: 8/8
  6265 | Bailey   | Entered a bailey
  6379 | Bailey   | Noticed an orc knight
  6379 | Bailey   | Noticed an orc knight
  6394 | Bailey   | Killed an orc knight
  6401 | Bailey   | Killed an orc knight
  6402 | Bailey   | Reached skill level 10 in Fighting
  6402 | Bailey   | Reached skill level 10 in Maces & Flails
  6494 | Bailey   | Identified the +5 crystal plate armour "Duisic" {rCorr
                  | Str+3}
  6815 | D:7      | Reached skill level 1 in Shields
  7112 | D:8      | Reached XP level 10. HP: 91/94 MP: 9/9
  7688 | D:8      | Found a staircase to the Lair.
  7780 | D:9      | Noticed a two-headed ogre
  7789 | D:9      | Killed a two-headed ogre
  7790 | D:9      | Reached skill level 11 in Fighting
  8649 | D:10     | Entered Level 10 of the Dungeon
  8771 | D:10     | Reached skill level 12 in Fighting
  8811 | D:10     | Received a gift from Trog
  8874 | D:10     | Identified the +9 long sword of Qazlal's Condemnation
                  | {heavy, Will+ Dex+2}
  8907 | D:10     | Reached XP level 11. HP: 104/104 MP: 10/10
  8911 | D:10     | Noticed a tengu warrior
  8942 | D:10     | Killed a tengu warrior
  9625 | D:11     | Found an ancient bone altar of Kikubaaqudgha.
  9699 | D:11     | Noticed a cyan ugly thing
  9720 | D:11     | Killed a cyan ugly thing
  9808 | D:11     | Noticed a two-headed ogre
  9814 | D:11     | Killed a two-headed ogre
  9924 | D:11     | Reached skill level 5 in Shields
 10788 | D:12     | Reached skill level 13 in Fighting
 10862 | D:12     | Noticed a two-headed ogre
 10874 | D:12     | Killed a two-headed ogre
 11148 | D:12     | Noticed a boulder beetle
 11148 | D:12     | Noticed a two-headed ogre
 11150 | D:12     | Killed a boulder beetle
 11160 | D:12     | Killed a two-headed ogre
 11163 | D:12     | Reached XP level 12. HP: 107/115 MP: 11/11
 11326 | D:12     | Found Acoqo's Armour Emporium.
 11428 | D:12     | Found a staircase to the Orcish Mines.
 11825 | D:12     | Found a runed translucent door.
 11826 | D:12     | Noticed cforsyth's ghost (journeyman MDCA)
 11926 | D:12     | Reached skill level 10 in Armour
 11948 | D:12     | Killed cforsyth's ghost
 11949 | D:12     | Reached skill level 14 in Fighting
 12134 | D:12     | Noticed Azrael
 12544 | D:12     | Noticed a two-headed ogre
 12551 | D:12     | Killed a two-headed ogre
 12671 | D:12     | Killed Azrael
 13258 | D:13     | Noticed a death knight
 13273 | D:13     | Killed a death knight
 14099 | D:13     | Found a runed translucent gate.
 14099 | D:13     | Found a runed translucent gate.
 14099 | D:13     | Found a runed translucent gate.
 14103 | D:13     | Noticed runemasterragnar's ghost (journeyman OpSh)
 14242 | D:14     | Noticed a centaur warrior
 14280 | D:14     | Noticed a centaur warrior
 14289 | D:14     | Killed a centaur warrior
 14290 | D:14     | Reached skill level 15 in Fighting
 14290 | D:14     | Reached skill level 15 in Maces & Flails
 14290 | D:14     | Reached XP level 13. HP: 126/126 MP: 12/12
 14372 | D:14     | Reached skill level 10 in Dodging
 14839 | D:14     | Found a gate to the Vaults.
 14917 | D:15     | Entered Level 15 of the Dungeon
 14929 | D:15     | Found a radiant altar of Vehumet.
 14964 | D:15     | Received a gift from Trog
 15159 | D:15     | Reached skill level 16 in Fighting
 15394 | D:15     | Noticed an ettin
 15418 | D:15     | Killed an ettin
 15489 | D:15     | Reached XP level 14. HP: 133/138 MP: 13/13
 15646 | D:15     | Found a staircase to the Depths.
 16069 | Lair:1   | Entered Level 1 of the Lair of Beasts
 16964 | Lair:2   | Found a runed translucent gate.
 16964 | Lair:2   | Found a runed translucent gate.
 16964 | Lair:2   | Found a runed translucent gate.
 17093 | Lair:2   | Noticed DrFunkyFeet's ghost (journeyman FeSu)
 17554 | Lair:2   | Killed DrFunkyFeet's ghost
 17806 | Lair:3   | Identified the +0 plate armour of Heresy {Dex+3}
 17821 | Lair:3   | Found a large runed translucent door.
 17821 | Lair:3   | Found a large runed translucent door.
 17825 | Lair:3   | Noticed asd2613's ghost (journeyman TrGl)
 17831 | Lair:3   | Identified a scroll of acquirement
 17832 | Lair:3   | Acquired a manual of Fighting
 17853 | Lair:3   | Killed asd2613's ghost
 17991 | Lair:3   | Reached skill level 17 in Fighting
 18126 | Lair:3   | Found a staircase to the Shoals.
 18210 | Lair:3   | Found a staircase to the Snake Pit.
 18326 | Lair:3   | Reached skill level 10 in Shields
 18525 | Lair:3   | Reached skill level 18 in Fighting
 19246 | Lair:4   | Noticed Nessos
 19306 | Lair:4   | Killed Nessos
 20157 | Lair:5   | Entered Level 5 of the Lair of Beasts
 20385 | Lair:5   | Found a viscous altar of Jiyva.
 20385 | Lair:5   | Found a staircase to the Slime Pits.
 20459 | Lair:5   | Reached skill level 19 in Fighting
 20636 | Lair:5   | Received a gift from Trog
 20703 | Lair:5   | Reached XP level 15. HP: 152/152 MP: 14/14
 20978 | Lair:5   | Found the +5 moon troll leather armour {Spirit, Regen++
                  | MP+5}
 21073 | Lair:5   | Reached skill level 20 in Fighting
 21208 | Lair:5   | Found a corrupted altar of Lugonu.
 21208 | Lair:5   | Found a one-way gate to the infinite horrors of the Abyss.
 21742 | Orc:1    | Entered Level 1 of the Orcish Mines
 21742 | Orc:1    | Noticed Snorg
 21744 | Orc:1    | Found Akkez's Weapon Boutique.
 21745 | Orc:1    | Found Wuja's Distillery.
 21755 | Orc:1    | Killed Snorg
 21805 | Orc:1    | Found a radiant altar of Vehumet.
 21872 | Orc:1    | Found Oproe's Jewellery Emporium.
 22281 | Orc:2    | Entered Level 2 of the Orcish Mines
 22281 | Orc:2    | Found Vyuca's Distillery.
 22281 | Orc:2    | Found Nerito Saim's General Store.
 22307 | Orc:2    | Noticed Urug
 22381 | Orc:1    | Received a gift from Trog
 22520 | Orc:2    | Reached skill level 21 in Fighting
 22717 | Orc:2    | Killed Urug
 22719 | Orc:2    | Found Ohimm's Book Shop.
 22723 | Orc:2    | Bought a scroll of identify for 34 gold pieces
 23213 | Orc:2    | Found Diupuiri's Book Emporium.
 23262 | Orc:2    | Found a staircase to the Elven Halls.
 23334 | Orc:1    | Found Guimuon's Jewellery Shoppe.
 23345 | Orc:1    | Bought the ring "Luef" {rElec rF+ rC+} for 690 gold pieces
 23345 | Orc:1    | Bought a ring of poison resistance for 300 gold pieces
 23371 | Orc:1    | Reached ****** piety under Trog
 23460 | Orc:2    | Bought a potion of cancellation for 136 gold pieces
 23784 | Shoals:1 | Entered Level 1 of the Shoals
 23924 | Shoals:1 | Received a gift from Trog
 23972 | Shoals:1 | Found Letoem's Self-Improvement Boutique.
 23987 | Shoals:1 | Reached skill level 22 in Fighting
 24268 | Shoals:1 | Reached XP level 16. HP: 169/169 MP: 15/15
 24277 | Shoals:1 | Noticed a kraken
 24288 | Shoals:1 | Killed a kraken
 25693 | Shoals:2 | Reached skill level 15 in Armour
 26334 | Shoals:3 | Received a gift from Trog
 26385 | Shoals:3 | Reached skill level 23 in Fighting
 27244 | Shoals:4 | Entered Level 4 of the Shoals
 27558 | Shoals:4 | Noticed Louise
 27571 | Shoals:4 | Killed Louise
 27754 | Shoals:4 | Noticed Nikola
 27766 | Shoals:4 | Killed Nikola
 28289 | Shoals:4 | Noticed a kraken
 28345 | Shoals:4 | Killed a kraken
 28346 | Shoals:4 | Reached XP level 17. HP: 103/180 MP: 16/16
 28522 | Shoals:4 | Got a barnacled rune of Zot
 28960 | Shoals:4 | Noticed a kraken
 29562 | Shoals:4 | Killed a kraken
 29851 | Shoals:4 | Noticed Bai Suzhen
 29869 | Shoals:4 | Killed Bai Suzhen
 30270 | Snake:1  | Entered Level 1 of the Snake Pit
 30321 | Snake:1  | Identified the serpent talisman "Nagoraypp" {Stlth+}
 30321 | Snake:1  | Noticed Aizul
 30331 | Snake:1  | Killed Aizul
 30332 | Snake:1  | Reached skill level 24 in Fighting
 30564 | Snake:1  | Noticed Rupert
 30574 | Snake:1  | Killed Rupert
 30597 | Snake:1  | Noticed Asterion
 30615 | Snake:1  | Killed Asterion
 30696 | Snake:1  | Reached skill level 15 in Dodging
 31215 | Snake:1  | Received a gift from Trog
 31221 | Snake:1  | Reached skill level 1 in Evocations
 31752 | Snake:2  | Found a glacial archway.
 31761 | IceCv    | Entered an ice cave
 32057 | IceCv    | Reached skill level 15 in Shields
 32267 | IceCv    | Identified the +0 ring mail of the Garden {Dex+3 Slay+3}
 32585 | IceCv    | Identified the ring "Qokary" {rC+ Int+8 Slay+4}
 32786 | Snake:2  | Reached XP level 18. HP: 165/192 MP: 17/17
 32978 | Snake:2  | Received a gift from Trog
 33780 | Snake:3  | Reached skill level 25 in Fighting
 34365 | Snake:3  | Identified the +0 leather armour "Zeso" {rF- rN+ Str+6
                  | Int+2}
 34972 | Snake:4  | Entered Level 4 of the Snake Pit
 35201 | Snake:4  | Received a gift from Trog
 35800 | Snake:4  | Identified the +5 whip of the Charming Seer {holy, rElec}
 36317 | Snake:4  | Received a gift from Trog
 36358 | Snake:4  | Got a serpentine rune of Zot
 36622 | Snake:4  | Found a shimmering blue altar of Sif Muna.
 36662 | Snake:4  | Reached skill level 5 in Evocations
 37613 | Vaults:1 | Entered Level 1 of the Vaults
 37627 | Vaults:1 | Found a crumbling gateway.
 37644 | Desolati | Entered the Desolation of Salt
 37717 | Desolati | Reached XP level 19. HP: 189/204 MP: 18/18
 37831 | Desolati | Identified the +3 scale mail of Tuynna {Harm}
 37847 | Desolati | Reached skill level 26 in Fighting
 38148 | Desolati | Received a gift from Trog
 38351 | Desolati | Identified the ring of Rex Zaky {rCorr Int+2 Dex+8}
 38665 | Desolati | Found the +15 Maxwell's patent armour {-Cast -Tele rElec
                  | Will+ rCorr}
 38725 | Desolati | Identified the ring of Xom's Capriciousness {rPois rC+
                  | rCorr MP+9 Dex+4}
 39157 | Vaults:1 | Acquired 332 gold pieces
 39746 | Vaults:2 | Received a gift from Trog
 39982 | Vaults:2 | Found a flickering gateway to a bazaar.
 39991 | Bazaar   | Entered a bazaar
 40084 | Bazaar   | Found Finu's Weapon Shop.
 40098 | Bazaar   | Found Zoheah's Weapon Shop.
 40214 | Bazaar   | Found Yfemmuun's Book Boutique.
 40214 | Bazaar   | Found Wadivumpea's Assorted Antiques.
 40895 | Vaults:2 | Received a gift from Trog
 41139 | Vaults:2 | Reached skill level 27 in Fighting
 41215 | Vaults:2 | Reached XP level 20. HP: 209/216 MP: 19/19
 41340 | Vaults:2 | Found a staircase to the Crypt.
 41623 | Vaults:3 | You fall into a shaft and drop 1 floor!
 41623 | Vaults:4 | Found Heutoetha's Antique Armour Shoppe.
 41792 | Vaults:4 | Received a gift from Trog
 41864 | Vaults:4 | Found a magical portal.
 41871 | WizLab   | Entered Borgnjor's Mausoleum
 42222 | WizLab   | Received a gift from Trog
 43282 | Vaults:4 | Identified the +1 quarterstaff "Seahomol" {freeze, rElec
                  | SInv}
 43606 | Vaults:3 | Found Hydghud's Armour Boutique.
 43615 | Vaults:3 | Received a gift from Trog
 43852 | Vaults:3 | Reached XP level 21. HP: 216/224 MP: 20/20
 44455 | Vaults:3 | Found Rengidghu's Book Boutique.
 44624 | Vaults:3 | Identified the +0 plate armour of the Trees {-Cast Fly
                  | rPois rCorr}
 44644 | Vaults:5 | Entered Level 5 of the Vaults
 44653 | Vaults:5 | Identified the ring of Dahaokk {rN+ Dex+3}
 44673 | Vaults:5 | Received a gift from Trog
 44783 | Vaults:5 | Noticed a dread lich
 44799 | Vaults:5 | Killed a dread lich
 44857 | Vaults:5 | Reached skill level 10 in Evocations
 44900 | Vaults:5 | Identified the +8 morningstar of the Tundras {pain, +Blink
                  | rN+ Int-4}
 45040 | Vaults:5 | Identified the +6 executioner's axe "Undertaker" {heavy,
                  | rCorr Int+2}
 45064 | Vaults:5 | Identified the +10 dagger "Lifebane" {flame, rPois Dex+5}
                  | (Trog gifted it to you on level 5 of the Vaults)
 45064 | Vaults:5 | Received a gift from Trog
 45166 | Vaults:5 | Identified the +1 falchion of Kyimnane {vamp, rF+ Int+4
                  | Dex+3}
 45413 | Vaults:5 | Got a silver rune of Zot
 45435 | Vaults:5 | Identified the +0 battleaxe of the Dead {flame, rC+++
                  | Stlth-}
 45524 | Vaults:5 | Identified the +5 quarterstaff of Melee {freeze, Str+2}
 45543 | Vaults:5 | Received a gift from Trog
 45544 | Vaults:5 | Reached XP level 22. HP: 170/233 MP: 21/21
 45920 | Vaults:5 | Identified the +0 short sword "Globulus" {heavy, rPois
                  | Str+2}
 46744 | Depths:1 | Entered Level 1 of the Depths
 46977 | Depths:1 | Noticed Mara
 46985 | Depths:1 | Noticed greenreed's illusion
 47017 | Depths:1 | Noticed greenreed's illusion
 47026 | Depths:1 | Killed Mara
 47075 | Depths:1 | Found a gateway to Hell.
 47411 | Depths:1 | Found a runed translucent door.
 47412 | Depths:1 | Noticed a golden dragon
 47447 | Depths:1 | Killed a golden dragon
 47649 | Depths:2 | Received a gift from Trog
 47698 | Depths:2 | Found a one-way gateway to a ziggurat.
 48043 | Depths:2 | Noticed a golden dragon
 48044 | Depths:2 | Noticed a caustic shrike
 48054 | Depths:2 | Killed a caustic shrike
 48057 | Depths:2 | Killed a golden dragon
 48437 | Depths:2 | Found a one-way gate leading to the halls of Pandemonium.
 48551 | Depths:2 | Found a corrupted altar of Lugonu.
 48842 | Depths:2 | Received a gift from Trog
 49324 | Depths:3 | Reached XP level 23. HP: 180/240 MP: 22/22
 50185 | Depths:4 | Entered Level 4 of the Depths
 50185 | Depths:4 | Identified the orb "Horiep" {light, Will+ Stlth+ Fire}
 50185 | Depths:4 | Noticed Frederick
 50185 | Depths:4 | Found Yppaok's Weapon Shoppe.
 50193 | Depths:4 | Killed Frederick
 50484 | Depths:3 | Received a gift from Trog
 50790 | Depths:4 | Found a gate to the Realm of Zot.
 51253 | Depths:4 | Noticed a caustic shrike
 51253 | Depths:4 | Noticed a caustic shrike
 51253 | Depths:4 | Noticed a caustic shrike
 51258 | Depths:4 | Noticed a caustic shrike
 51258 | Depths:4 | Noticed a caustic shrike
 51259 | Depths:4 | Killed a caustic shrike
 51266 | Depths:4 | Killed a caustic shrike
 51270 | Depths:4 | Killed a caustic shrike
 51272 | Depths:4 | Killed a caustic shrike
 51276 | Depths:4 | Killed a caustic shrike
 51897 | Depths:4 | Voluntarily entered the Abyss.
 52296 | Abyss:4  | Received a gift from Trog
 52363 | Abyss:4  | Paralysed by accursed screaming for 2 turns
 52368 | Abyss:4  | Paralysed by accursed screaming for 2 turns
 52410 | Depths:4 | Escaped the Abyss
 52630 | Depths:4 | Voluntarily entered the Abyss.
 52812 | Abyss:4  | Found a corrupted altar of Lugonu.
 52902 | Abyss:4  | Received a gift from Trog
 53009 | Abyss:5  | Reached XP level 24. HP: 119/238 MP: 22/22
 53032 | Abyss:5  | Found a corrupted altar of Lugonu.
 53058 | Abyss:5  | Got an abyssal rune of Zot
 53112 | Abyss:5  | Found a corrupted altar of Lugonu.
 53130 | Depths:4 | Escaped the Abyss
 53204 | Zot:1    | Entered Level 1 of the Realm of Zot
 53227 | Zot:1    | Found a stormy altar of Qazlal.
 53674 | Zot:1    | Received a gift from Trog
 54674 | Zot:2    | HP: 6/345 [shadow dragon/bolt of negative energy (33)]
 54674 | Zot:2    | HP: 2/345 [green draconian monk[a green draconian monk]
                  | (4)]
 54676 | Zot:1    | Killed from afar by an electric golem

Illustrated notes

Levels and vault maps discovered:
D:1:      saegor_arrival_miasma, layout_basic
D:2:      layout_basic
D:3:      layout_loops_cross, kennysheep_okawaru_gauntlet,
          shapermc_ecumenical_altar_ellora, uniq_robin
D:4:      layout_layer_cave
D:5:      layout_loops_ring, nicolae_twisty_statue_hallways
D:6:      layout_cave_pools, portal_sewer_entry_b, uniq_sigmund
D:7:      layout_loops_cross, minmay_temple_entry_fiery, enter_bailey_8,
          dk_noncrumbling_2, chequers_garden, dreamdust_gnoll_farm
D:8:      layout_loops_cross, lair_entry_dummy
D:9:      layout_loops_ring
D:10:     layout_grid_maze
D:11:     layout_basic, kiku_gazebo_pond_becter
D:12:     lemuel_flame_loot_2, layout_stronghold, david_orc_4,
          ebering_ghost_inner_flame, serial_shops, nicolae_shop_tiny_glass,
          kennysheep_kite_vault, uniq_azrael
D:13:     layout_cave_pools, gammafunk_ghost_nasty_kobolds
D:14:     layout_cross, hellmonk_vaults_keyhole, kennysheep_nondescript
D:15:     hangedman_depths_entry_civil_slaughter, layout_loops_ring,
          fiery_altar_vehumet, minmay_fractal_squares_gapless_5
Lair:1:   layout_hall_layers, serial_forest, infiniplex_forest_lined_1,
          infiniplex_forest_clump_small, infiniplex_forest_clump_long,
          infiniplex_forest_straight_3, infiniplex_forest_clump_diagonal,
          infiniplex_forest_clump_tiny, infiniplex_forest_straight_2,
          infiniplex_forest_zigzag_1, infiniplex_forest_straight_5
Lair:2:   layout_chaotic_city, maelrawn_ghost_gauntlet_escape
Lair:3:   layout_small_grid, nicolae_shoals_entry_flooding,
          nicolae_snake_entry_squirm, ebering_ghost_disaster_area, minivault_25,
          st_stairs_11, minivault_23
Lair:4:   layout_gridlike, wad_woods_river_01, uniq_nessos
Lair:5:   hellmonk_lair_end_abyssal_woods, layout_regular_city,
          dpeg_slime_entry_enclosed, grunt_megastairs_3
Shoals:1: layout_shoals, nicolae_shop_self_help
Shoals:2: layout_shoals, nicolae_shoals_water_shrine
Shoals:3: layout_shoals, nicolae_shoals_former_cling_ruins
Shoals:4: shoals_end_hangedman, layout_shoals,
          nicolae_shoals_stone_sculpture_thing, uniq_nikola, uniq_bai_suzhen,
          uniq_louise
Snake:1:  nicolae_snake_shooting_gallery, layout_onion_interference, uniq_aizul,
          uniq_rupert, uniq_asterion
Snake:2:  nicolae_snakescales, layout_chambers,
          portal_ice_cave_entry_pillars_four
Snake:3:  layout_onion
Snake:4:  minmay_snake_end_coiled, layout_cave_town, basic_altar,
          serial_bayou_shore_b
Orc:1:    layout_caves, basic_altar, serial_shops, nicolae_shop_trees, shop,
          nicolae_shop_behind_doors, shop, nicolae_orc_damp_corner,
          nicolae_orc_tapped_out, uniq_snorg
Orc:2:    st_orc_open, layout_caves, uniq_urug
Vaults:1: portal_desolation_entry_salt,
          nicolae_vaults_antechamber_and_loot_room, vaults_room_hallway,
          vaults_dpeg_encased_lava, v_misc_25, nicolae_vaults_trapezoid_4,
          nicolae_vaults_yaktaur_gun_rack, layout_vaults_quadrants
Vaults:2: hangedman_vaults_variations, nicolae_vaults_more_shelving_1,
          vaults_room_fancy_cross, ontoclasm_vaults_twist,
          vaults_room_glass_cross, hangedman_vaults_stretched_pinwheel,
          minmay_crypt_entry_vampire_xt, nicolae_vaults_house_2,
          vaults_room_fours, vaults_mumra_hex, ontoclasm_vaults_hangar,
          grunt_vaults_focal, nicolae_vaults_trapezoid_1,
          layout_vaults_big_room, serial_shops, bzr_entry_gold
Vaults:3: v_misc_16, ontoclasm_vaults_loading_screen, v_misc_29,
          nicolae_vaults_sesquioval_fish,
          nicolae_vaults_taking_the_gang_shopping, v_rooms_4,
          nicolae_vaults_disjoint_gnomons, nicolae_vaults_network_barrier,
          ontoclasm_vaults_tryst, layout_vaults_maze, serial_shops, shop
Vaults:4: mu_enter_wizlab_1, vaults_standard_mumra_lines, v_pattern_1,
          ontoclasm_vaults_chip, nicolae_vaults_closet_pinwheel_6,
          nicolae_vaults_wrenched, nicolae_vaults_little_squares_4, st_lattice,
          nicolae_vaults_tetromino_T_1, nicolae_vaults_surprise_closet,
          nicolae_vaults_trapezoid_1, layout_vaults_omnicross, serial_shops,
          shop
Vaults:5
Depths:1: layout_gridlike, abyss_entry_crystal, hell_entry, minivault_16,
          minmay_hidden_floor, grunt_megastairs_2, uniq_mara
Depths:2: minmay_the_grid_octo_tiled_octocenter [minmay_the_grid_octo_chip,
          minmay_the_grid_octo_odd_swirl, minmay_the_grid_octo_teeth,
          minmay_the_grid_octo_fat_diamond, minmay_the_grid_octo_prize_big_c,
          minmay_the_grid_square_5x5_hourglass, minmay_the_grid_square_5x5_v,
          minmay_the_grid_square_5x5_inner_i,
          minmay_the_grid_square_5x5_sharp_hourglass], layout_gridlike,
          enter_ziggurat_d, grunt_hell_entry_dis_grunt,
          minmay_misc_feat_diagonals, abyss_entry_flame_altar,
          rand_demon_pan_entry_3, serial_bayou_shore_b
Depths:3: dreamdust_experimentation, layout_basic,
          hangedman_decor_clover_reticule, hell_entry, abyss_entry,
          infiniplex_staircase_pillars_3a
Depths:4: grunt_crosshair, layout_cave_shapes, lightli_too_deep, serial_shops,
          shop, abyss_entry, minmay_fractal_squares_gapless_7, uniq_frederick
Zot:1:    kennysheep_spiral_hall, layout_gridlike,
          regret_index_zotdec_storm_pass
Zot:2:    kennysheep_blocky_room, layout_onion_interference,
          hangedman_zot_decor_slant

Skill      XL: |  1  2  3  4  5  6  7  8  9 10 11 12 13 14 15 16 17 18 19 20 21 22 23 24 |
---------------+-------------------------------------------------------------------------+-----
Fighting       | 4 5 6 7 9 10 12 13 15 16 19 22 23 24 25 27 | 27.0
Maces & Flails | 4 5 6 7 9 10 12 13 15 16 18 19 20 | 20.9
Armour         | 3 4 6 7 8 9 10 11 13 14 15 16 17 18 19 20 21 22 23 | 23.3
Dodging        | 3 4 5 6 7 8 9 10 12 13 14 15 16 17 18 19 20 21 | 21.6
Shields        | 1 4 6 7 9 10 12 13 15 16 17 18 19 20 21 22 | 22.2
Evocations     | 2 5 7 9 10 12 13 | 13.9

Action                     |  1- 3 |  4- 6 |  7- 9 | 10-12 | 13-15 | 16-18 | 19-21 | 22-24 || total
---------------------------+-------+-------+-------+-------+-------+-------+-------+-------++-------
  Melee: Mace              |    87 |    37 |       |       |       |       |       |       ||   124
         Headbutt          |    11 |    23 |    72 |   167 |   344 |   259 |   404 |   358 ||  1638
         Whip              |       |   102 |   346 |   771 |  1041 |       |       |       ||  2260
         Spear             |       |    12 |       |       |       |       |       |       ||    12
         Eveningstar       |       |       |       |       |   299 |  1051 |  1181 |  1130 ||  3661
 Invoke: Brothers in Arms  |       |       |     1 |     4 |     3 |     5 |     3 |     1 ||    17
         Trog's Hand       |       |       |     1 |       |     1 |     5 |     7 |     8 ||    22
         Berserk           |       |       |       |     5 |       |     1 |       |     1 ||     7
  Evoke: Wand              |       |       |       |       |       |     1 |       |     2 ||     3
    Use: Scroll            |       |       |       |    19 |     9 |     7 |     4 |     3 ||    42
         Potion            |       |       |       |     1 |       |     2 |     2 |     5 ||    10
   Stab: Sleeping          |     1 |       |       |       |       |       |       |       ||     1
         Distracted        |       |       |       |       |     3 |    17 |    21 |    19 ||    60
 Armour: Animal skin       |    51 |    22 |       |       |       |       |       |       ||    73
         Plate armour      |       |    86 |   205 |       |       |       |       |       ||   291
         Crystal plate arm |       |       |    18 |   428 |   817 |   717 |   692 |   825 ||  3497
  Dodge: Dodged            |    49 |    71 |   122 |   158 |   401 |   424 |   338 |   341 ||  1904
  Block: Kite shield       |       |       |    19 |   281 |   770 |   747 |   683 |   670 ||  3170

Table legend: (Time is in decaauts)
 A = Elapsed time spent in this place.
 B = Non-inter-level travel time spent in this place.
 C = Inter-level travel time spent in this place.
 D = Time resting spent in this place.
 E = Time spent auto-exploring this place.
 F = Levels seen in this place.
 G = Mean time per level.
                   A        B        C        D        E       F      G
               +--------+--------+--------+--------+--------+-----+--------+
         Total |  53021 |  49225 |   3796 |   6104 |  32709 |  53 | 1000.4 |
       Dungeon |  15524 |  13424 |   2100 |    701 |  10108 |  15 | 1034.9 |
          Lair |   5480 |   5004 |    476 |    374 |   3763 |   5 | 1096.0 |
        Shoals |   6332 |   6087 |    245 |   1121 |   4067 |   4 | 1583.0 |
     Snake Pit |   5988 |   5663 |    325 |    713 |   3833 |   4 | 1497.0 |
  Orcish Mines |   1751 |   1617 |    134 |    441 |    890 |   2 |  875.5 |
        Vaults |   6639 |   6344 |    295 |    323 |   4377 |   5 | 1327.8 |
        Depths |   5282 |   5077 |    205 |   1094 |   2963 |   4 | 1320.5 |
           Zot |   1415 |   1402 |     13 |    336 |    790 |   2 |  707.5 |
         Abyss |    947 |    947 |      0 |    121 |    305 |   6 |  157.8 |
        Bazaar |    357 |    357 |      0 |      0 |    270 |   1 |  357.0 |
         Sewer |    276 |    276 |      0 |      0 |    189 |   1 |  276.0 |
        Bailey |    359 |    359 |      0 |     20 |    147 |   1 |  359.0 |
      Ice Cave |    895 |    895 |      0 |    371 |    315 |   1 |  895.0 |
        Wizlab |    576 |    576 |      0 |     75 |    237 |   1 |  576.0 |
    Desolation |   1192 |   1192 |      0 |    412 |    454 |   1 | 1192.0 |
               +--------+--------+--------+--------+--------+-----+--------+

Top non-repeatable levels by time:
Shoals:4: 2307 daAuts
    D:12: 2157 daAuts
 Snake:4: 1975 daAuts
Vaults:5: 1848 daAuts
Shoals:3: 1761 daAuts
    D:11: 1657 daAuts
Depths:4: 1519 daAuts
Depths:2: 1469 daAuts
 Snake:3: 1462 daAuts
Vaults:2: 1455 daAuts
Vaults:4: 1334 daAuts
     D:4: 1316 daAuts
Depths:3: 1314 daAuts
 Snake:1: 1311 daAuts
  Lair:5: 1273 daAuts
